 Dungeon Crawl Stone Soup version 0.20-a0-1075-gc475d56 (webtiles) character file.

14622 AlphabetPasta the Covert (level 12, -3/94 HPs)
             Began as a Gnoll Assassin on Apr 28, 2017.
             Was a Priest of Dithmenos.
             Slain by a white ugly thing (13 damage)
             ... on level 12 of the Dungeon on Apr 29, 2017.
             The game lasted 01:24:17 (13390 turns).

AlphabetPasta the Covert (Gnoll Assassin)          Turns: 13390, Time: 01:24:18

Health: -3/94      AC:  4    Str: 10    XL:     12   Next: 18%
Magic:  0/29       EV: 19    Int: 17    God:    Dithmenos [***...]
Gold:   429        SH:  0    Dex: 20    Spells: 18/22 levels left

rFire    + . .     SeeInvis .   c - +1 rapier (freeze)
rCold    + . .     Gourm    .   (no shield)
rNeg     . . .     Faith    .   B - +0 robe
rPois    .         Spirit   +   x - +0 helmet
rElec    .         Reflect  .   q - scarf {repulsion}
rCorr    .         Harm     .   V - +0 pair of gloves
MR       .....                  (no boots)
Stlth    +++++++...             w - amulet of guardian spirit
Regen    0.3/turn               K - ring "Soddal" {rF+ MP+9 Int+5}
MPRegen  0.3/turn               m - ring of protection from cold

@: wreathed by umbra, repel missiles
A: short attention span, fangs 1, strong nose
a: Shadow Step, Renounce Religion


You were on level 12 of the Dungeon.
You worshipped Dithmenos.
Dithmenos was most pleased with you.
You were not hungry.

You visited 2 branches of the dungeon, and saw 13 of its levels.

You collected 604 gold pieces.
You spent 175 gold pieces at shops.

Inventory:

Hand Weapons
 a - a +2 dagger
 b - a +0 blowgun
 c - a +1 rapier of freezing (weapon)
 t - a +0 hunting sling
 v - a cursed -1 morningstar
Missiles
 j - 73 poisoned needles
 y - 5 poisoned javelins (quivered)
 D - 6 tomahawks
 H - a throwing net
Armour
 d - a +1 cloak
 q - a scarf of repulsion (worn)
 x - a +0 helmet (worn)
 B - a +0 robe (worn)
 Q - a +0 buckler
 U - a +1 pair of gloves
 V - a +0 pair of gloves (worn)
Jewellery
 h - an uncursed ring of ice
 m - a ring of protection from cold (right hand)
 w - an amulet of guardian spirit (around neck)
 A - an uncursed ring of positive energy
 E - an uncursed ring of poison resistance
 I - a +3 ring of strength
 K - the ring "Soddal" (left hand) {rF+ MP+9 Int+5}
   (You found it on level 11 of the Dungeon)

   [ring of magical power]

   It affects your intelligence (+5).
   It protects you from fire.
   It affects your magic capacity (+9).
 P - an uncursed ring of fire
 R - an uncursed ring of resist corrosion
Wands
 o - a wand of confusion (10/48)
 s - a wand of disintegration (11/24)
 J - a wand of digging (0/24)
 L - a wand of confusion (43/48)
 N - a wand of enslavement (4/24)
 T - a wand of enslavement (17/24)
Scrolls
 f - 3 scrolls of identify
 C - 4 scrolls of enchant armour
 F - 5 scrolls of teleportation
 G - 2 scrolls of remove curse
 S - a scroll of amnesia
Potions
 e - a potion of cancellation
 k - 3 potions of brilliance
 l - 3 potions of flight
 u - 2 potions of curing
 z - a potion of berserk rage
 M - a potion of invisibility
Books
 p - the Volume of Lucky Unholy Secrets
   (You found it on level 6 of the Dungeon)

   Spells                             Type                      Level
   a - Pain                           Necromancy                   1
   b - Song of Slaying                Charms                       2
   c - Spectral Weapon                Hexes/Charms                 3
   d - Animate Dead                   Necromancy                   4
   e - Control Undead                 Necromancy                   4
   f - Cigotuvi's Embrace             Necromancy                   5
 r - a book of Misfortune

   Spells                             Type                      Level
   a - Confusing Touch                Hexes                        1
   b - Confuse                        Hexes                        3
   c - Gell's Gravitas                Translocation                3
   d - Petrify                        Transmutation/Earth          4
   e - Metabolic Englaciation         Hexes/Ice                    5
   f - Yara's Violent Unravelling     Hexes/Transmutation          5
Comestibles
 g - 11 bread rations
 n - 8 meat rations
 O - 4 fruits


   Skills:
 + Level 8.8 Fighting
 * Level 10.2 Short Blades
 + Level 8.9 Throwing
 + Level 8.7 Dodging
 * Level 10.4 Stealth
 + Level 2.6 Shields
 + Level 5.9 Spellcasting
 + Level 5.1 Hexes
 * Level 0.8 Translocations
 + Level 7.9 Invocations
 - Level 3.3 Evocations


You had 18 spell levels left.
You knew the following spells:

 Your Spells              Type           Power        Failure   Level  Hunger
a - Confuse               Hex            ###.....     4%          3    ##.....
b - Apportation           Tloc           #.....       10%         1    None


Dungeon Overview and Level Annotations

Branches:
Dungeon (12/15)            Temple (1/1) D:4            Lair (0/6) D:11
    Orc (0/2) D:11

Altars:
Ashenzari
Cheibriados
Dithmenos
Elyvilon
Fedhas
Gozag
Hepliaklqana
Kikubaaqudgha
Makhleb
Nemelex Xobeh
Okawaru
Qazlal
Ru
Sif Muna
Trog
Uskayaw
Vehumet
Wu Jian
Xom
Yredelemnul
Zin
The Shining One

Shops:
D:11 ?   D:12 ?

Annotations:
D:6 exclusion: shadow
D:10 unseen horror in sealed room, exclusion: 3 doors
D:12 exclusions: ice statue and obsidian statue, Lookapuppie's ghost, journeyman MiBe


Innate Abilities, Weirdness & Mutations

You have a short attention span.
You have very sharp teeth.
Your uncanny sense of smell can sniff out nearby items.


Message History

The white ugly thing is almost dead.
The white ugly thing trunk-slaps you!
* * * LOW HITPOINT WARNING * * *
The white ugly thing freezes you! You resist.
* * * LOW HITPOINT WARNING * * *
The white ugly thing looks more healthy.
You feel better.
The white ugly thing closely misses you.
You puncture the white ugly thing!
The white ugly thing is almost dead.
The white ugly thing misses you.
You hit the white ugly thing but do no damage.
The white ugly thing is almost dead.
The white ugly thing barely misses you.
You closely miss the white ugly thing.
The white ugly thing is almost dead.
The white ugly thing trunk-slaps you!
* * * LOW HITPOINT WARNING * * *
The white ugly thing freezes you! You resist.
You die...

#... #... ###### ####... #.
..# #...... ##.##.# #......
.####...#.############......
......................).....
####.#<#.##u#########......
#.#'#..@.....# #......
#........###.#####......
#......((# #.#..........
...$........###.#....(.....
####...#......#.#..........
###.#.##.#.#.#..........
#...##.#.#(#.....####.
#.####.#.#)#<..#...... #.
#(#.)).##########


You could see a white ugly thing.

Vanquished Creatures
  Erolcha (D:9)
  Fannar (D:10)
  A hydra (D:11)
  2 two-headed ogres
  An unseen horror (D:11)
  2 ugly things (D:12)
  A cyclops (D:12)
  Maurice (D:8)
  A gargoyle (D:11)
  A troll (D:11)
  Grinder (D:3)
  A hornet (D:8)
  A meliai zombie (D:10)
  A hippogriff (D:4)
  A shadow (D:12)
  Sigmund (D:3)
  12 yaks
  Eustachio (D:6)
  3 wyverns
  2 vampire mosquitoes (D:11)
  A hungry ghost (D:8)
  2 wargs
  2 water moccasins
  5 ice beasts
  3 orc warriors
  4 sky beasts
  3 black bears
  A necrophage (D:10)
  9 ogres
  A phantom (D:8)
  2 centaurs
  2 crocodiles (D:9)
  3 big kobolds
  9 bullfrogs
  A scorpion (D:5)
  A wight (D:7)
  2 crimson imps (D:7)
  4 howler monkeys
  A centaur zombie (D:8)
  2 bullfrog zombies
  7 hounds
  6 human zombies (D:7)
  A centaur skeleton (D:10)
  2 jellies
  5 orc wizards
  A human skeleton (D:7)
  4 orc priests
  4 iguanas
  Natasha (thrice) (D:2)
  2 worker ants
  2 mummies (D:7)
  11 adders
  A shadow imp (D:11)
  An ooze (D:1)
  4 adder zombies
  An adder skeleton (D:4)
  4 worms
  2 dart slugs
  2 leopard geckos
  17 orcs
  A ball python (D:2)
  5 giant cockroaches
  9 goblins
  9 hobgoblins
  A jackal (D:3)
  24 kobolds
  8 quokkas
  13 bats
  5 frilled lizards
  2 orc zombies (D:7)
  A quokka zombie (D:6)
  4 rats
256 creatures vanquished.

Vanquished Creatures (collateral kills)
  A vampire mosquito (D:11)
1 creature vanquished.

Vanquished Creatures (others)
  An orc priest (D:10)
  A kobold (D:12)
2 creatures vanquished.

Grand Total: 259 creatures vanquished

Notes
Turn   | Place    | Note
-------+----------+-------------------------------------------
     0 | D:1      | AlphabetPasta the Gnoll Assassin began the quest for the Orb.
     0 | D:1      | Reached XP level 1. HP: 18/18 MP: 1/1
   166 | D:1      | Reached XP level 2. HP: 21/24 MP: 2/2
   542 | D:1      | Reached XP level 3. HP: 28/29 MP: 3/3
   845 | D:2      | HP: 1/29 [worm (11)]
  1260 | D:2      | Upgraded the game from 0.20-a0-1065-g8446734 to 0.20-a0-1066-ga910694
  1496 | D:2      | Found a sparkling altar of Nemelex Xobeh.
  1536 | D:2      | Noticed Natasha
  1554 | D:2      | Killed Natasha
  1554 | D:2      | Reached XP level 4. HP: 29/36 MP: 4/4
  1703 | D:2      | Found a hide-covered altar of Uskayaw.
  1755 | D:2      | Noticed Natasha
  1763 | D:2      | Killed Natasha
  1763 | D:2      | Reached XP level 5. HP: 42/42 MP: 5/5
  1898 | D:2      | Noticed Natasha
  1903 | D:2      | Killed Natasha
  2553 | D:3      | Reached skill level 1 in Evocations
  2783 | D:3      | Noticed Grinder
  2785 | D:3      | Killed Grinder
  2785 | D:3      | Reached skill level 5 in Short Blades
  2785 | D:3      | Reached XP level 6. HP: 49/49 MP: 5/7
  2860 | D:3      | Noticed Sigmund
  2874 | D:3      | Killed Sigmund
  2874 | D:3      | Reached XP level 7. HP: 48/55 MP: 8/8
  3021 | D:4      | Reached skill level 5 in Fighting
  3046 | D:4      | Noticed a hippogriff
  3052 | D:4      | Killed a hippogriff
  3052 | D:4      | Reached skill level 5 in Throwing
  3135 | D:4      | Found a staircase to the Ecumenical Temple.
  3140 | Temple   | Entered the Ecumenical Temple
  3148 | Temple   | Became a worshipper of Dithmenos the Shadowed
  3182 | D:4      | Found a hazy altar of Hepliaklqana.
  3183 | D:4      | Found a shimmering altar of Xom.
  3184 | D:4      | Noticed a spectral ugly thing
  3351 | D:4      | Reached skill level 1 in Invocations
  3351 | D:4      | Reached XP level 8. HP: 63/63 MP: 10/10
  3736 | D:4      | Found a glowing golden altar of the Shining One.
  4034 | D:5      | Entered Level 5 of the Dungeon
  4445 | D:5      | Reached skill level 5 in Dodging
  5313 | D:5      | Found a deep blue altar of Sif Muna.
  5313 | D:5      | Found a faded altar of an unknown god.
  5318 | D:5      | Found a faded altar of an unknown god.
  5320 | D:5      | Found a white marble altar of Elyvilon.
  5322 | D:5      | Found a sacrificial altar of Ru.
  5578 | D:6      | Noticed Eustachio
  5624 | D:6      | Killed Eustachio
  5725 | D:6      | Found a shimmering altar of Xom.
  5733 | D:6      | Found a blossoming altar of Fedhas.
  5802 | D:6      | Found an ancient bone altar of Kikubaaqudgha.
  5841 | D:5      | Reached XP level 9. HP: 62/69 MP: 9/11
  6060 | D:6      | Identified the Volume of Lucky Unholy Secrets
  6658 | D:7      | Found an iron altar of Okawaru.
  7204 | D:7      | Reached * piety under Dithmenos
  7248 | D:7      | Found a basalt altar of Yredelemnul.
  7403 | D:7      | Upgraded the game from 0.20-a0-1066-ga910694 to 0.20-a0-1073-g49e0d3e
  7451 | D:8      | Noticed Maurice
  7544 | D:8      | Reached skill level 5 in Invocations
  7612 | D:8      | Killed Maurice
  7612 | D:8      | Reached XP level 10. HP: 52/79 MP: 13/13
  7903 | D:8      | Found a bloodstained altar of Trog.
  8027 | D:8      | Found a stormy altar of Qazlal.
  8145 | D:8      | Reached ** piety under Dithmenos
  8171 | D:8      | Learned a level 3 spell: Confuse
  8456 | D:9      | Noticed Erolcha
  8490 | D:8      | Reached skill level 1 in Spellcasting
  8890 | D:9      | You fall through a shaft for 2 floors!
  8900 | D:11     | Found Issam's Magic Scroll Shop.
  8913 | D:11     | Bought a scroll of identify for 26 gold pieces
  8913 | D:11     | Bought a scroll of identify for 26 gold pieces
  8913 | D:11     | Bought a scroll of noise for 13 gold pieces
  8913 | D:11     | Bought a scroll of identify for 26 gold pieces
  9120 | D:11     | Reached skill level 1 in Hexes
  9195 | D:10     | Entered Level 10 of the Dungeon
  9619 | D:10     | Noticed a two-headed ogre
  9839 | D:10     | Noticed Fannar
  9857 | D:10     | Killed Fannar
  9857 | D:10     | Reached skill level 10 in Stealth
  9857 | D:10     | Reached XP level 11. HP: 86/86 MP: 16/16
  9863 | D:10     | Killed a two-headed ogre
  9964 | D:10     | HP: 2/87 [yak (17)]
 10748 | D:9      | Killed Erolcha
 10748 | D:9      | Reached skill level 10 in Short Blades
 10755 | D:9      | Upgraded the game from 0.20-a0-1073-g49e0d3e to 0.20-a0-1075-gc475d56
 10970 | D:10     | Reached skill level 5 in Spellcasting
 11019 | D:10     | Reached *** piety under Dithmenos
 11641 | D:11     | Found a staircase to the Lair.
 12156 | D:11     | Got a scorched steel ring
 12157 | D:11     | Identified the ring "Soddal" {rF+ MP+9 Int+5} (You found it on level 11 of the Dungeon)
 12215 | D:11     | Found a staircase to the Orcish Mines.
 12290 | D:11     | Noticed a seven-headed hydra
 12314 | D:11     | Killed a seven-headed hydra
 12314 | D:11     | Reached skill level 1 in Shields
 12472 | D:11     | Killed an unseen horror
 12707 | D:12     | Found Lipt's Magic Scroll Shop.
 12707 | D:12     | Noticed a brown ugly thing
 12783 | D:12     | Noticed a two-headed ogre
 12813 | D:12     | Killed a brown ugly thing
 12869 | D:12     | Killed a two-headed ogre
 12869 | D:12     | Reached XP level 12. HP: 51/94 MP: 20/20
 12897 | D:12     | Bought a scroll of identify for 28 gold pieces
 12897 | D:12     | Bought a scroll of identify for 28 gold pieces
 12897 | D:12     | Bought a scroll of identify for 28 gold pieces
 12996 | D:12     | Reached skill level 5 in Hexes
 13108 | D:10     | Learned a level 1 spell: Apportation
 13159 | D:12     | Noticed Lookapuppie's ghost (journeyman MiBe)
 13390 | D:12     | Slain by a white ugly thing

Vault maps used:
D:1:      minmay_arrival_pointy
D:2:      nicolae_overflow_hidden_temple, nemelex_altar_shiori, uniq_natasha
D:3:      kennysheep_six_static_rooms, kennysheep_cluttered_room, uniq_sigmund,
          uniq_grinder
D:4:      regret_index_temple_of_mockery, minmay_temple_entry_grid, first_bread,
          serial_bayou_pond_c, nicolae_tso_carved_into_rock
D:5:      chequers_temple_overflow_minitemple
D:6:      cheibrodos_two_vegetables, grunt_temple_overflow_growth_and_decay,
          basic_altar, uniq_eustachio
D:7:      kennysheep_okawaru_gauntlet, lemuel_mausoleum_altar_yredelemnul,
          grunt_ogre_cave
D:8:      kennysheep_mini, bloody_trog, uniq_maurice
D:9:      uniq_erolcha
D:10:     due_unseen_surprise, uniq_fannar
D:11:     erik_lair_orcish_takeover, orc_0_dummy, serial_shops, shop, hex_tiny
D:12:     serial_shops, shop_fountains, minmay_more_statues
Temple:   eino_temple_lava

Skill      XL: |  1  2  3  4  5  6  7  8  9 10 11 12 |
---------------+-------------------------------------+-----
Dodging        | 2 3 4 5 7 8 |  8.7
Short Blades   | 4 5 6 8 9 10 | 10.2
Stealth        | 6 7 8 9 10 | 10.4
Fighting       | 4 5 6 7 8 |  8.8
Evocations     | 2 3 |  3.3
Throwing       | 4 5 6 7 8 |  8.9
Invocations    | 1 3 5 6 7 |  7.9
Spellcasting   | 3 5 |  5.9
Hexes          | 2 4 5 |  5.1
Shields        | 2 |  2.6
Translocations | |  0.8

Action                   |  1- 3 |  4- 6 |  7- 9 | 10-12 || total
-------------------------+-------+-------+-------+-------++-------
Melee: Dagger            |   115 |    85 |   220 |    73 ||   493
       Bite              |    14 |     7 |    45 |    60 ||   126
       Rapier            |       |       |   129 |   410 ||   539
 Fire: Blowgun           |    18 |    24 |    93 |    83 ||   218
Throw: Javelin           |       |       |     5 |     3 ||     8
       Tomahawk          |       |       |       |     4 ||     4
 Cast: Confuse           |       |       |       |     3 ||     3
Invok: Shadow Step       |       |       |       |     1 ||     1
Evoke: Wand              |       |     5 |     1 |    22 ||    28
  Use: Scroll            |     2 |     1 |     7 |    18 ||    28
       Potion            |     1 |       |     3 |     8 ||    12
 Stab: Sleeping          |    14 |     7 |    19 |    24 ||    64
       Confused          |       |     2 |       |    12 ||    14
       Distracted        |       |       |     1 |     3 ||     4
  Eat: Chunk             |     2 |     4 |     6 |    14 ||    26
       Meat ration       |       |       |     1 |     1 ||     2
       Royal jelly       |       |       |     2 |     2 ||     4
       Fruit             |       |       |       |     1 ||     1
Armor: Robe              |    10 |    17 |    28 |    22 ||    77
Dodge: Dodged            |    55 |    48 |   188 |   359 ||   650
       Deflected         |       |       |     1 |     4 ||     5
